| TOP OF THE 1ST |
|
Stockton Mariners batting - Pitching for Reno Silver Sox : LHP John Bohnet
|
|
Pitching: LHP John Bohnet
|
|
|
Batting: LHB Harold Perkins
|
0-0: Ball 1-0: Ball 2-0: Ground out U3 (Groundball, 3S, EV 83.1 MPH)
|
|
Batting: LHB Ricky Nelson
|
0-0: Called Strike 0-1: Ball 1-1: Foul Ball, location: 2F 1-2: Strikes out swinging
|
|
Batting: LHB Marvin Ward
|
0-0: Ball 1-0: Ball 2-0: Called Strike 2-1: Ball 3-1: Base on Balls
|
|
Batting: LHB David Cawthon
|
0-0: Called Strike 0-1: Ball 1-1: Ball 2-1: Ball 3-1: Foul Ball, location: 2F 3-2: Fly out, F2 (Popup, 25F, EV 79.4 MPH)
|
| Top of the 1st over - 0 runs, 0 hits, 0 errors, 1 left on base; Stockton 0 - Reno 0 |
| BOTTOM OF THE 1ST |
|
Reno Silver Sox batting - Pitching for Stockton Mariners : RHP Joe McClain
|
|
Pitching: RHP Joe McClain
|
|
|
Batting: RHB Lemmie Miller
|
0-0: Called Strike 0-1: Foul Ball, location: 2F 0-2: Ball 1-2: Ground out 5-3 (Groundball, 56, EV 81.3 MPH)
|
|
Batting: RHB Rod Hobbs
|
0-0: Called Strike 0-1: Swinging Strike 0-2: Strikes out swinging, 2-3 out at first.
|
|
Batting: LHB Victor Diaz
|
0-0: Ball 1-0: SINGLE (Flyball, 6MD, EV 84.4 MPH)
|
|
Batting: LHB Mike Hocutt
|
0-0: 2-RUN HOME RUN (Flyball, 7D, EV 99.4 MPH), Distance : 361 ft
|
|
Batting: RHB Bill Crone
|
0-0: Ball 1-0: Called Strike 1-1: Foul Ball, location: 2F 1-2: Ball 2-2: Foul Ball, location: 2F 2-2: Foul Ball, location: 2F 2-2: SINGLE (Groundball, P, EV 83.1 MPH) (infield hit)
|
|
Batting: RHB Eddie Brunson
|
0-0: Called Strike 0-1: Ball 1-1: Foul Ball, location: 2F 1-2: Ball 2-2: SINGLE (Line Drive, 9LS, EV 101.3 MPH) Bill Crone to second
|
|
Batting: RHB Luis Cabanas
|
0-0: Ground out 4-3 (Groundball, 4, EV 99.4 MPH)
|
| Bottom of the 1st over - 2 runs, 4 hits, 0 errors, 2 left on base; Stockton 0 - Reno 2 |
| TOP OF THE 2ND |
|
Stockton Mariners batting - Pitching for Reno Silver Sox : LHP John Bohnet
|
|
Batting: LHB Marty Pevey
|
0-0: Fly out, F8 (Line Drive, 8LD, EV 95.0 MPH)
|
|
Batting: SHB Eddie Tanner
|
0-0: Ball 1-0: Called Strike 1-1: Ball 2-1: Foul Ball, location: 2F 2-2: Foul Ball, location: 2F 2-2: Ball 3-2: DOUBLE (Line Drive, 7LM, EV 102.5 MPH)
|
|
Batting: LHB David Lanning
|
0-0: Called Strike 0-1: Fly out, F6 (Flyball, 6D, EV 76.3 MPH)
|
|
Batting: RHB Brian Greer
|
0-0: Ball 1-0: Called Strike 1-1: Swinging Strike 1-2: Strikes out swinging
|
| Top of the 2nd over - 0 runs, 1 hit, 0 errors, 1 left on base; Stockton 0 - Reno 2 |
| BOTTOM OF THE 2ND |
|
Reno Silver Sox batting - Pitching for Stockton Mariners : RHP Joe McClain
|
|
Batting: LHB Andrew Timko
|
0-0: Called Strike 0-1: Swinging Strike 0-2: Ball 1-2: Fly out, F1 (Line Drive, P, EV 67.5 MPH)
|
|
Batting: LHB Gregory Shirley
|
0-0: Hit by Pitch
|
|
Batting: RHB Lemmie Miller
|
0-0: Swinging Strike 0-1: Fly out, F9 (Line Drive, 9, EV 109.4 MPH)
|
|
Batting: RHB Rod Hobbs
|
0-0: Foul Ball, location: 2F 0-1: Fly out, F8 (Line Drive, 8RD, EV 90.0 MPH)
|
| Bottom of the 2nd over - 0 runs, 0 hits, 0 errors, 1 left on base; Stockton 0 - Reno 2 |
| TOP OF THE 3RD |
|
Stockton Mariners batting - Pitching for Reno Silver Sox : LHP John Bohnet
|
|
Batting: LHB Victor Gavidia
|
0-0: Ball 1-0: Ball 2-0: Called Strike 2-1: SINGLE (Groundball, 4MD, EV 104.4 MPH)
|
|
Batting: LHB Harold Perkins
|
0-0: Ball 1-0: Swinging Strike 1-1: Ball 2-1: Foul Ball, location: 2F 2-2: Strikes out looking
|
|
Batting: LHB Ricky Nelson
|
0-0: Called Strike 0-1: Ball 1-1: Ball 2-1: Called Strike 2-2: 2-RUN HOME RUN (Flyball, 9LD, EV 105.6 MPH), Distance : 368 ft
|
|
Batting: LHB Marvin Ward
|
0-0: Ball 1-0: Ball 2-0: Ball 3-0: Base on Balls
|
|
Batting: LHB David Cawthon
|
0-0: Fly out, F9 (Flyball, 9, EV 86.3 MPH)
|
|
Batting: LHB Marty Pevey
|
0-0: Fly out, F8 (Flyball, 89D, EV 101.9 MPH)
|
| Top of the 3rd over - 2 runs, 2 hits, 0 errors, 1 left on base; Stockton 2 - Reno 2 |
| BOTTOM OF THE 3RD |
|
Reno Silver Sox batting - Pitching for Stockton Mariners : RHP Joe McClain
|
|
Batting: LHB Victor Diaz
|
0-0: Ground out U3 (Groundball, 3, EV 108.8 MPH)
|
|
Batting: LHB Mike Hocutt
|
0-0: Ball 1-0: Foul Ball, location: 2F 1-1: Ball 2-1: Ground out 2-3 (Groundball, 15S, EV 67.5 MPH)
|
|
Batting: RHB Bill Crone
|
0-0: Ball 1-0: Swinging Strike 1-1: Ball 2-1: Ball 3-1: Base on Balls
|
|
Batting: RHB Eddie Brunson
|
0-0: Ball 1-0: Ball 2-0: Swinging Strike 2-1: Fly out, F8 (Flyball, 8LS, EV 91.9 MPH)
|
| Bottom of the 3rd over - 0 runs, 0 hits, 0 errors, 1 left on base; Stockton 2 - Reno 2 |
| TOP OF THE 4TH |
|
Stockton Mariners batting - Pitching for Reno Silver Sox : LHP John Bohnet
|
|
Batting: SHB Eddie Tanner
|
0-0: DOUBLE (Groundball, 5L, EV 108.8 MPH)
|
|
Batting: LHB David Lanning
|
0-0: Ball 1-0: Ground out 4-3 (Groundball, 4, EV 78.8 MPH) Eddie Tanner to third
|
|
Batting: RHB Brian Greer
|
0-0: Fly out, F8 (Flyball, 8RD, EV 99.4 MPH) Runner from 3rd tags up, SCORES, throw by CF
|
|
Batting: LHB Victor Gavidia
|
0-0: Called Strike 0-1: Ball 1-1: Ground out 5-3 (Groundball, 5, EV 77.5 MPH)
|
| Top of the 4th over - 1 run, 1 hit, 0 errors, 0 left on base; Stockton 3 - Reno 2 |
| BOTTOM OF THE 4TH |
|
Reno Silver Sox batting - Pitching for Stockton Mariners : RHP Joe McClain
|
|
Batting: RHB Luis Cabanas
|
0-0: Called Strike 0-1: Called Strike 0-2: Fly out, F9 (Flyball, 89D, EV 77.5 MPH)
|
|
Batting: LHB Andrew Timko
|
0-0: Fly out, F2 (Popup, 2L, EV 94.4 MPH)
|
|
Batting: LHB Gregory Shirley
|
0-0: Ball 1-0: Ball 2-0: Ball 3-0: Called Strike 3-1: Foul Ball, location: 2F 3-2: Base on Balls
|
|
Batting: RHB Lemmie Miller
|
0-0: Ball 1-0: Ball 2-0: Foul Ball, location: 2F 2-1: Foul Ball, location: 2F 2-2: Ball 3-2: SINGLE (Line Drive, 6D, EV 98.8 MPH) Gregory Shirley to second Gregory Shirley to third
|
|
Batting: RHB Rod Hobbs
|
0-0: Ball 1-0: Called Strike 1-1: Ball 2-1: Ball 3-1: Ground out U3 (Groundball, 3, EV 108.1 MPH)
|
| Bottom of the 4th over - 0 runs, 1 hit, 0 errors, 2 left on base; Stockton 3 - Reno 2 |
| TOP OF THE 5TH |
|
Stockton Mariners batting - Pitching for Reno Silver Sox : LHP John Bohnet
|
|
Batting: LHB Harold Perkins
|
0-0: Foul Ball, location: 2F 0-1: Ball 1-1: Ball 2-1: Called Strike 2-2: Foul Ball, location: 2F 2-2: Foul Ball, location: 2F 2-2: SINGLE (Flyball, 34D, EV 88.1 MPH)
|
|
Batting: LHB Ricky Nelson
|
0-0: Called Strike Harold Perkins steals 2nd base 0-1: Called Strike 0-2: Strikes out swinging
|
|
Batting: LHB Marvin Ward
|
0-0: Swinging Strike 0-1: Swinging Strike 0-2: Strikes out swinging
|
|
Batting: LHB David Cawthon
|
0-0: Called Strike 0-1: Ball 1-1: Called Strike 1-2: Ball 2-2: Ball 3-2: Strikes out swinging
|
| Top of the 5th over - 0 runs, 1 hit, 0 errors, 1 left on base; Stockton 3 - Reno 2 |
| BOTTOM OF THE 5TH |
|
Reno Silver Sox batting - Pitching for Stockton Mariners : RHP Joe McClain
|
|
Batting: LHB Victor Diaz
|
0-0: Ball 1-0: Called Strike 1-1: Ball 2-1: Ball 3-1: Ground out 4-3 (Groundball, 4, EV 106.3 MPH)
|
|
Batting: LHB Mike Hocutt
|
0-0: Called Strike 0-1: Ball 1-1: Foul Ball, location: 2F 1-2: Ball 2-2: Ball 3-2: Foul Ball, location: 2F 3-2: Foul Ball, location: 2F 3-2: Base on Balls
|
|
Batting: RHB Bill Crone
|
0-0: DOUBLE (Flyball, 78D, EV 94.4 MPH) Mike Hocutt to third
|
|
Batting: RHB Eddie Brunson
|
0-0: Fly out, F8 (Flyball, 78M, EV 86.9 MPH) Runner from 3rd tags up, SCORES, no throw by CF
|
|
Batting: RHB Luis Cabanas
|
0-0: Ground out U3 (Groundball, 34, EV 103.1 MPH)
|
| Bottom of the 5th over - 1 run, 1 hit, 0 errors, 1 left on base; Stockton 3 - Reno 3 |
| TOP OF THE 6TH |
|
Stockton Mariners batting - Pitching for Reno Silver Sox : LHP John Bohnet
|
|
Batting: LHB Marty Pevey
|
0-0: SINGLE (Groundball, 6D, EV 100.0 MPH)
|
|
Batting: SHB Eddie Tanner
|
0-0: Ball 1-0: Ball 2-0: Swinging Strike 2-1: Ball 3-1: Base on Balls Marty Pevey to second
|
|
Batting: LHB David Lanning
|
0-0: Called Strike 0-1: Reached on error, E1 (Line Drive, P, EV 68.8 MPH) Marty Pevey to third Eddie Tanner to second
|
|
Batting: RHB Brian Greer
|
0-0: Ball 1-0: SINGLE (Flyball, 34D, EV 81.3 MPH) Marty Pevey scores Eddie Tanner to third David Lanning to second Runner from 3rd tries for Home, SAFE, throw by RF to home
|
|
Batting: LHB Victor Gavidia
|
0-0: Bunted foul 0-1: Bunted foul 0-2: Ball 1-2: Fly out, F8 (Flyball, 89S, EV 88.1 MPH)
|
|
Batting: LHB Harold Perkins
|
0-0: Swinging Strike 0-1: Swinging Strike 0-2: Strikes out looking
|
|
Batting: LHB Ricky Nelson
|
0-0: Ball 1-0: Called Strike 1-1: Ball 2-1: Fly out, F4 (Line Drive, 4, EV 64.4 MPH)
|
| Top of the 6th over - 2 runs, 2 hits, 1 error, 2 left on base; Stockton 5 - Reno 3 |
| BOTTOM OF THE 6TH |
|
Reno Silver Sox batting - Pitching for Stockton Mariners : RHP Joe McClain
|
|
Batting: LHB Andrew Timko
|
0-0: Ball 1-0: Swinging Strike 1-1: Ball 2-1: Ground out 4-3 (Groundball, 34, EV 77.5 MPH)
|
|
Batting: LHB Gregory Shirley
|
0-0: Ball 1-0: Reached on error, E6 (Groundball, 6, EV 98.1 MPH)
|
|
Batting: RHB Lemmie Miller
|
0-0: Ball 1-0: Foul Ball, location: 2F 1-1: Ball 2-1: Called Strike 2-2: Fly out, F7 (Flyball, 7LS, EV 82.5 MPH)
|
|
Batting: RHB Rod Hobbs
|
0-0: Ball 1-0: Foul Ball, location: 2F 1-1: Swinging Strike 1-2: Strikes out swinging
|
| Bottom of the 6th over - 0 runs, 0 hits, 1 error, 1 left on base; Stockton 5 - Reno 3 |
| TOP OF THE 7TH |
|
Stockton Mariners batting - Pitching for Reno Silver Sox : LHP John Bohnet
|
|
Pitching: LHP Mike Thompson
|
|
|
Batting: LHB Marvin Ward
|
0-0: Ball 1-0: Called Strike 1-1: Called Strike 1-2: Ball 2-2: Ball 3-2: Strikes out swinging
|
|
Batting: LHB David Cawthon
|
0-0: Called Strike 0-1: Ball 1-1: Swinging Strike 1-2: Ball 2-2: Fly out, F6 (Popup, 6M, EV 73.1 MPH)
|
|
Batting: LHB Marty Pevey
|
0-0: SINGLE (Flyball, 8LS, EV 86.9 MPH)
|
|
Batting: SHB Eddie Tanner
|
0-0: Called Strike 0-1: Foul Ball, location: 2F 0-2: Ball 1-2: Foul Ball, location: 2F 1-2: Foul Ball, location: 2F 1-2: SINGLE (Groundball, 6MD, EV 97.5 MPH) Marty Pevey to second Runner from 2nd tries for 3rd, SAFE, throw by CF made to third
|
|
Batting: LHB David Lanning
|
0-0: Fly out, F7 (Flyball, 7LS, EV 74.4 MPH)
|
| Top of the 7th over - 0 runs, 2 hits, 0 errors, 2 left on base; Stockton 5 - Reno 3 |
| BOTTOM OF THE 7TH |
|
Reno Silver Sox batting - Pitching for Stockton Mariners : RHP Joe McClain
|
|
Batting: LHB Victor Diaz
|
0-0: Called Strike 0-1: Ball 1-1: Ground out 4-3 (Groundball, 4, EV 81.3 MPH)
|
|
Batting: LHB Mike Hocutt
|
0-0: Called Strike 0-1: Foul Ball, location: 2F 0-2: Hit by Pitch
|
|
Batting: RHB Bill Crone
|
0-0: Ball 1-0: Called Strike 1-1: Foul Ball, location: 2F 1-2: Ball 2-2: Fly out, F4 (Flyball, 34D, EV 96.3 MPH)
|
|
Batting: RHB Eddie Brunson
|
0-0: Ball 1-0: Swinging Strike 1-1: Ball 2-1: Swinging Strike 2-2: Fly out, F8 (Flyball, 8RXD, EV 97.5 MPH)
|
| Bottom of the 7th over - 0 runs, 0 hits, 0 errors, 1 left on base; Stockton 5 - Reno 3 |
| TOP OF THE 8TH |
|
Stockton Mariners batting - Pitching for Reno Silver Sox : LHP Mike Thompson
|
|
Batting: RHB Brian Greer
|
0-0: Ball 1-0: Ball 2-0: Ground out 6-3 (Groundball, 6, EV 100.6 MPH)
|
|
Batting: LHB Victor Gavidia
|
0-0: Ground out 3-1 (Groundball, 34, EV 86.9 MPH)
|
|
Batting: LHB Harold Perkins
|
0-0: Ground out 6-3 (Groundball, 6, EV 86.9 MPH)
|
| Top of the 8th over - 0 runs, 0 hits, 0 errors, 0 left on base; Stockton 5 - Reno 3 |
| BOTTOM OF THE 8TH |
|
Reno Silver Sox batting - Pitching for Stockton Mariners : RHP Joe McClain
|
|
Batting: RHB Luis Cabanas
|
0-0: Ball 1-0: Ball 2-0: Ball 3-0: Called Strike 3-1: Base on Balls
|
|
Batting: LHB Andrew Timko
|
0-0: Fly out, F9 (Flyball, 89D, EV 99.4 MPH)
|
|
Pitching: LHP Robert Alsup
|
|
|
Batting: LHB Gregory Shirley
|
0-0: Called Strike 0-1: Ball 1-1: Fly out, F6 (Flyball, 6D, EV 75.0 MPH)
|
|
Batting: RHB Lemmie Miller
|
0-0: Swinging Strike 0-1: Ball 1-1: Called Strike 1-2: Ball 2-2: Strikes out swinging
|
| Bottom of the 8th over - 0 runs, 0 hits, 0 errors, 1 left on base; Stockton 5 - Reno 3 |
| TOP OF THE 9TH |
|
Stockton Mariners batting - Pitching for Reno Silver Sox : LHP Mike Thompson
|
|
Batting: LHB Ricky Nelson
|
0-0: Foul Ball, location: 2F 0-1: SINGLE (Groundball, P, EV 85.0 MPH) (infield hit)
|
|
Batting: LHB Marvin Ward
|
0-0: Ball 1-0: Ball 2-0: Foul Ball, location: 2F 2-1: Foul Ball, location: 2F 2-2: Foul Ball, location: 2F 2-2: Ball 3-2: Fly out, F7 (Flyball, 7LM, EV 80.0 MPH)
|
|
Batting: LHB David Cawthon
|
0-0: Ball 1-0: Ball 2-0: SINGLE (Line Drive, 8LS, EV 108.1 MPH) Ricky Nelson to second
|
|
Batting: LHB Marty Pevey
|
0-0: Ball 1-0: Foul Ball, location: 2F 1-1: Ball David Cawthon is caught stealing 2nd base 2-6 Ricky Nelson steals 3rd base 2-1: Foul Ball, location: 2F 2-2: Ground out U3 (Groundball, 34S, EV 85.6 MPH)
|
| Top of the 9th over - 0 runs, 2 hits, 0 errors, 1 left on base; Stockton 5 - Reno 3 |
| BOTTOM OF THE 9TH |
|
Reno Silver Sox batting - Pitching for Stockton Mariners : LHP Robert Alsup
|
|
Now at 1B: Duane Evans
|
|
|
Now at 2B: Paul Plinski
|
|
|
Batting: RHB Rod Hobbs
|
0-0: Called Strike 0-1: Ball 1-1: Ball 2-1: Ball 3-1: Foul Ball, location: 2F 3-2: Base on Balls
|
|
Batting: LHB Victor Diaz
|
0-0: Fly out, F8 (Flyball, 8LD, EV 83.8 MPH)
|
|
Batting: LHB Mike Hocutt
|
0-0: Ball 1-0: Grounds into double play, 4-6-3 (Groundball, 4, EV 95.6 MPH)
|
| Bottom of the 9th over - 0 runs, 0 hits, 0 errors, 0 left on base; Stockton 5 - Reno 3 |
|